PAAA
OCEANSIDE OCEANLINERS @ THOMASVILLE LOOKOUTS
06/23/2017
 
TOP OF THE 1ST
Salt Lake City Buzz batting - Pitching for Phoenix Hotspur Reserves : RHP Jim Unknown
Pitching: RHP Jim Unknown
Batting: RHB Jim Coffey 0-0: Ball
1-0: SINGLE (Groundball, 5D)
Batting: LHB Fernando González 0-0: Ball
1-0: Fly out, F9 (Flyball, 9LM)
Batting: RHB Brad Brown 0-0: Ball
1-0: Foul Ball, location: 2F
1-1: Called Strike
1-2: Ball
2-2: Grounds into double play, 5-4-3 (Groundball, 56)
Top of the 1st over - 0 run(s), 1 hit(s), 0 error(s), 0 left on base; Salt Lake City 0 - Phoenix 0
BOTTOM OF THE 1ST
Phoenix Hotspur Reserves batting - Pitching for Salt Lake City Buzz : RHP Joseph Reed
Pitching: RHP Joseph Reed
Batting: SHB Ricardo Vargo 0-0: Called Strike
0-1: Ball
1-1: Ball
2-1: Ground out 6-3 (Groundball, 56)
Batting: LHB Cristo Correa 0-0: Ball
1-0: Ball
2-0: Foul Ball, location: 2F
2-1: Ground out 4-3 (Groundball, 34)
Batting: RHB Tony Torres 0-0: Ball
1-0: Ball
2-0: Foul Ball, location: 2F
2-1: Ground out 5-3 (Groundball, 56)
Bottom of the 1st over - 0 run(s), 0 hit(s), 0 error(s), 0 left on base; Salt Lake City 0 - Phoenix 0
TOP OF THE 2ND
Salt Lake City Buzz batting - Pitching for Phoenix Hotspur Reserves : RHP Jim Unknown
Batting: RHB Julián Guzmán 0-0: Foul Ball, location: 2F
0-1: Ball
1-1: Ball
2-1: Foul Ball, location: 2F
2-2: Foul Ball, location: 2F
2-2: Ball
3-2: Foul Ball, location: 2F
3-2: Strikes out swinging
Batting: RHB Don MacNeilage 0-0: Ground out 1-3 (Groundball, 15)
Batting: RHB Jason Delaney 0-0: Ball
1-0: Foul Ball, location: 2F
1-1: Called Strike
1-2: Strikes out swinging
Top of the 2nd over - 0 run(s), 0 hit(s), 0 error(s), 0 left on base; Salt Lake City 0 - Phoenix 0
BOTTOM OF THE 2ND
Phoenix Hotspur Reserves batting - Pitching for Salt Lake City Buzz : RHP Joseph Reed
Batting: LHB Tim Hargrove 0-0: Called Strike
0-1: Ball
1-1: Ball
2-1: SINGLE (Groundball, 6MD) (infield hit)
Batting: LHB Imre Brincka 0-0: Ball
1-0: DOUBLE (Flyball, 89XD)
Tim Hargrove to third
Batting: SHB Miguel Soto 0-0: Ball
1-0: Foul Ball, location: 2F
1-1: Foul Ball, location: 2F
1-2: Ball
2-2: Fly out, F7 (Flyball, 78M)
Runner from 3rd tags up, SCORES, no throw
Batting: RHB Reed Hanson 0-0: Ball
1-0: Swinging Strike
1-1: Called Strike
1-2: Strikes out looking
Batting: RHB Halmar Breugelmans 0-0: Ball
1-0: Called Strike
1-1: Fly out, F6 (Popup, 6D)
Bottom of the 2nd over - 1 run(s), 2 hit(s), 0 error(s), 1 left on base; Salt Lake City 0 - Phoenix 1
TOP OF THE 3RD
Salt Lake City Buzz batting - Pitching for Phoenix Hotspur Reserves : RHP Jim Unknown
Batting: RHB Steffen Taylor 0-0: Called Strike
0-1: SINGLE (Line Drive, 89S)
Batting: RHB Marv White 0-0: Ball
1-0: Ball
Wild Pitch!
Steffen Taylor to second
2-0: Called Strike
2-1: Foul Ball, location: 2F
2-2: Fly out, F5 (Popup, 5S)
Batting: RHB Ángel Bruno 0-0: Foul Ball, location: 2F
0-1: Swinging Strike
0-2: Strikes out swinging
Batting: RHB Jim Coffey 0-0: Ground out 1-3 (Groundball, 15)
Top of the 3rd over - 0 run(s), 1 hit(s), 0 error(s), 1 left on base; Salt Lake City 0 - Phoenix 1
BOTTOM OF THE 3RD
Phoenix Hotspur Reserves batting - Pitching for Salt Lake City Buzz : RHP Joseph Reed
Batting: RHB Tyrone Graham 0-0: Fly out, F7 (Flyball, 7S)
Batting: SHB Ricardo Vargo 0-0: Foul Ball, location: 2F
0-1: Ball
1-1: Ball
2-1: Fly out, F7 (Flyball, 7LMF)
Batting: LHB Cristo Correa 0-0: Bunted foul
0-1: Foul Ball, location: 2F
0-2: Ball
1-2: Foul Ball, location: 2F
1-2: SOLO HOME RUN (Flyball, 78XD), Distance : 435 ft
Batting: RHB Tony Torres 0-0: Called Strike
0-1: Ball
1-1: Ground out 6-3 (Groundball, 6M)
Bottom of the 3rd over - 1 run(s), 1 hit(s), 0 error(s), 0 left on base; Salt Lake City 0 - Phoenix 2
TOP OF THE 4TH
Salt Lake City Buzz batting - Pitching for Phoenix Hotspur Reserves : RHP Jim Unknown
Batting: LHB Fernando González 0-0: Ball
1-0: Called Strike
1-1: Foul Ball, location: 2F
1-2: Foul Ball, location: 2F
1-2: Ball
2-2: SINGLE (Groundball, 6MD)
Batting: RHB Brad Brown 0-0: Ball
1-0: Foul Ball, location: 2F
1-1: SINGLE (Line Drive, 4D)
Fernando González to second
Runner from 2nd tries for 3rd, SAFE, throw made to third
Batting: RHB Julián Guzmán 0-0: Called Strike
0-1: Ball
1-1: Ball
2-1: Ball
3-1: Foul Ball, location: 2F
3-2: Foul Ball, location: 2F
3-2: Foul Ball, location: 2F
3-2: Strikes out swinging
Batting: RHB Don MacNeilage 0-0: Ball
1-0: Called Strike
1-1: Ball
2-1: Fly out, F9 (Flyball, 9M)
Runner from 3rd tags up, SCORES, throw made
Batting: RHB Jason Delaney 0-0: Called Strike
0-1: Ball
1-1: Ball
2-1: Swinging Strike
2-2: Strikes out looking
Top of the 4th over - 1 run(s), 2 hit(s), 0 error(s), 1 left on base; Salt Lake City 1 - Phoenix 2
BOTTOM OF THE 4TH
Phoenix Hotspur Reserves batting - Pitching for Salt Lake City Buzz : RHP Joseph Reed
Batting: LHB Tim Hargrove 0-0: Called Strike
0-1: DOUBLE (Flyball, 9D)
Batting: LHB Imre Brincka 0-0: Foul Ball, location: 2F
0-1: Ball
1-1: Called Strike
1-2: Foul Ball, location: 2F
1-2: Strikes out swinging
Batting: SHB Miguel Soto 0-0: Ball
Wild Pitch!
Tim Hargrove to third
1-0: Ball
2-0: Called Strike
2-1: Called Strike
2-2: Ball
3-2: Ground out 1-3 (Groundball, 15S)
Batting: RHB Reed Hanson 0-0: Ball
1-0: Called Strike
1-1: Foul Ball, location: 2F
1-2: Ball
2-2: Ball
3-2: SINGLE (Groundball, 6D)
Tim Hargrove scores
Batting: RHB Halmar Breugelmans 0-0: Swinging Strike
0-1: Foul Ball, location: 2F
0-2: Ball
1-2: Fly out, F8 (Flyball, 8LM)
Bottom of the 4th over - 1 run(s), 2 hit(s), 0 error(s), 1 left on base; Salt Lake City 1 - Phoenix 3
TOP OF THE 5TH
Salt Lake City Buzz batting - Pitching for Phoenix Hotspur Reserves : RHP Jim Unknown
Batting: RHB Steffen Taylor 0-0: Ball
1-0: Ball
2-0: SINGLE (Groundball, 34D)
Batting: RHB Marv White 0-0: Foul Ball, location: 2F
0-1: Ball
1-1: Called Strike
1-2: Foul Ball, location: 2F
1-2: Strikes out swinging
Batting: RHB Ángel Bruno 0-0: Foul Ball, location: 2F
0-1: Grounds into double play, U6-3 (Groundball, 6)
Top of the 5th over - 0 run(s), 1 hit(s), 0 error(s), 0 left on base; Salt Lake City 1 - Phoenix 3
BOTTOM OF THE 5TH
Phoenix Hotspur Reserves batting - Pitching for Salt Lake City Buzz : RHP Joseph Reed
Batting: RHB Tyrone Graham 0-0: Foul Ball, location: 2F
0-1: Swinging Strike
0-2: Ball
1-2: Strikes out swinging
Batting: SHB Ricardo Vargo 0-0: Ground out 4-3 (Groundball, 4)
Batting: LHB Cristo Correa 0-0: Ball
Single, Error in OF, E7, batter to second base
Batting: RHB Tony Torres 0-0: Ball
1-0: Swinging Strike
1-1: Called Strike
1-2: Fly out, F6 (Popup, 6D)
Bottom of the 5th over - 0 run(s), 1 hit(s), 1 error(s), 1 left on base; Salt Lake City 1 - Phoenix 3
TOP OF THE 6TH
Salt Lake City Buzz batting - Pitching for Phoenix Hotspur Reserves : RHP Jim Unknown
Batting: RHB Jim Coffey 0-0: Ball
1-0: Called Strike
1-1: Ball
2-1: Ball
3-1: Base on Balls
Batting: LHB Fernando González 0-0: Sac Bunt - play at first, batter OUT! 1-3
Jim Coffey to second
Batting: RHB Brad Brown 0-0: Ball
1-0: Called Strike
1-1: Ball
2-1: Ball
3-1: Foul Ball, location: 2F
3-2: Base on Balls
Batting: RHB Julián Guzmán 0-0: Ball
1-0: Fly out, F7 (Flyball, 78D)
Batting: RHB Don MacNeilage 0-0: Called Strike
0-1: Ball
1-1: Ball
2-1: Foul Ball, location: 2F
2-2: Foul Ball, location: 2F
2-2: Strikes out looking
Top of the 6th over - 0 run(s), 0 hit(s), 0 error(s), 2 left on base; Salt Lake City 1 - Phoenix 3
BOTTOM OF THE 6TH
Phoenix Hotspur Reserves batting - Pitching for Salt Lake City Buzz : RHP Joseph Reed
Batting: LHB Tim Hargrove 0-0: Ground out 4-3 (Groundball, 4)
Batting: LHB Imre Brincka 0-0: Ball
1-0: Called Strike
1-1: Ball
2-1: Ball
3-1: SINGLE (Line Drive, 89S)
Batting: SHB Miguel Soto 0-0: Foul Ball, location: 2F
0-1: Ball
1-1: Foul Ball, location: 2F
1-2: Foul Ball, location: 2F
1-2: Ball
2-2: 2-RUN HOME RUN (Flyball, 89XD), Distance : 435 ft
Pitching: LHP Sam Chan
Batting: RHB Reed Hanson 0-0: Ball
1-0: Ball
2-0: Called Strike
2-1: Ball
3-1: Base on Balls
Batting: RHB Halmar Breugelmans 0-0: Ball
1-0: Ball
2-0: Ball
3-0: Base on Balls
Reed Hanson to second
Batting: RHB Tyrone Graham 0-0: Called Strike
0-1: Fly out, F7 (Flyball, 78XD)
Runner from 2nd tags up, SAFE at 3rd, no throw
Batting: SHB Ricardo Vargo 0-0: Called Strike
0-1: Called Strike
0-2: Ball
1-2: Strikes out swinging
Bottom of the 6th over - 2 run(s), 2 hit(s), 0 error(s), 2 left on base; Salt Lake City 1 - Phoenix 5
TOP OF THE 7TH
Salt Lake City Buzz batting - Pitching for Phoenix Hotspur Reserves : RHP Jim Unknown
Batting: RHB Jason Delaney 0-0: Ball
1-0: Foul Ball, location: 2F
1-1: SINGLE (Groundball, 56D)
Batting: RHB Steffen Taylor 0-0: Foul Ball, location: 2F
0-1: Ball
1-1: Ball
2-1: Fly out, F9 (Flyball, 9S)
Batting: RHB Marv White 0-0: Called Strike
0-1: Called Strike
0-2: Ball
1-2: Foul Ball, location: 2F
1-2: Strikes out looking
Batting: RHB Ángel Bruno 0-0: Ball
1-0: Foul Ball, location: 2F
1-1: Swinging Strike
1-2: Ball
2-2: 2-RUN HOME RUN (Flyball, 8RXD), Distance : 443 ft
Batting: RHB Jim Coffey 0-0: Ball
1-0: Called Strike
1-1: Foul Ball, location: 2F
1-2: Strikes out looking
Top of the 7th over - 2 run(s), 2 hit(s), 0 error(s), 0 left on base; Salt Lake City 3 - Phoenix 5
BOTTOM OF THE 7TH
Phoenix Hotspur Reserves batting - Pitching for Salt Lake City Buzz : LHP Sam Chan
Batting: LHB Cristo Correa 0-0: Ball
1-0: Called Strike
1-1: Foul Ball, location: 2F
1-2: Strikes out swinging
Batting: RHB Tony Torres 0-0: Ball
1-0: Fly out, F6 (Popup, 5DF)
Batting: LHB Tim Hargrove 0-0: Ball
1-0: Ball
2-0: Foul Ball, location: 2F
2-1: SOLO HOME RUN (Line Drive, 9D), Distance : 379 ft
Batting: LHB Imre Brincka 0-0: Called Strike
0-1: Ball
1-1: Foul Ball, location: 2F
1-2: Foul Ball, location: 2F
1-2: Foul Ball, location: 2F
1-2: Ball
2-2: Foul Ball, location: 2F
2-2: Foul Ball, location: 2F
2-2: Foul Ball, location: 2F
2-2: Ground out U3 (Groundball, 3L)
Bottom of the 7th over - 1 run(s), 1 hit(s), 0 error(s), 0 left on base; Salt Lake City 3 - Phoenix 6
TOP OF THE 8TH
Salt Lake City Buzz batting - Pitching for Phoenix Hotspur Reserves : RHP Jim Unknown
Batting: LHB Fernando González 0-0: Called Strike
0-1: Ball
1-1: Ball
2-1: Foul Ball, location: 2F
2-2: Foul Ball, location: 2F
2-2: Fly out, F7 (Flyball, 7LS)
Pitching: RHP Luis Ramírez
Batting: RHB Brad Brown 0-0: Called Strike
0-1: Ball
1-1: SINGLE (Flyball, 6MD)
Batting: RHB Julián Guzmán 0-0: Ball
1-0: Foul Ball, location: 2F
1-1: Ball
2-1: Ball
3-1: Foul Ball, location: 2F
3-2: Foul Ball, location: 2F
3-2: Strikes out swinging
Batting: RHB Don MacNeilage 0-0: Ball
1-0: Ball
2-0: Foul Ball, location: 2F
2-1: Foul Ball, location: 2F
2-2: Foul Ball, location: 2F
2-2: Foul Ball, location: 2F
2-2: Strikes out swinging
Top of the 8th over - 0 run(s), 1 hit(s), 0 error(s), 1 left on base; Salt Lake City 3 - Phoenix 6
BOTTOM OF THE 8TH
Phoenix Hotspur Reserves batting - Pitching for Salt Lake City Buzz : LHP Sam Chan
Pitching: RHP Mike Hickey
Batting: SHB Miguel Soto 0-0: Ball
1-0: Called Strike
1-1: Foul Ball, location: 2F
1-2: Ball
2-2: SINGLE (Groundball, 34)
Batting: RHB Reed Hanson 0-0: Grounds into double play, 1-4-3 (Groundball, 15S)
Batting: RHB Halmar Breugelmans 0-0: Called Strike
0-1: Ball
1-1: Fly out, F9 (Flyball, 89M)
Bottom of the 8th over - 0 run(s), 1 hit(s), 0 error(s), 0 left on base; Salt Lake City 3 - Phoenix 6
TOP OF THE 9TH
Salt Lake City Buzz batting - Pitching for Phoenix Hotspur Reserves : RHP Luis Ramírez
Pitching: RHP Jesús Ayala
Batting: RHB Jason Delaney 0-0: Ground out 1-3 (Groundball, 15)
Batting: RHB Steffen Taylor 0-0: Foul Ball, location: 2F
0-1: Ball
1-1: Ground out 3-1 (Groundball, 34)
Batting: RHB Marv White 0-0: Called Strike
0-1: Called Strike
0-2: Strikes out looking
Top of the 9th over - 0 run(s), 0 hit(s), 0 error(s), 0 left on base; Salt Lake City 3 - Phoenix 6
This league is powered by Out of the Park Baseball, the baseball management simulation game for PC, Mac and Linux
Saturday, February 27th, 2021 - OOTP Baseball 15.6 Build 34